 Dungeon Crawl Stone Soup version 0.28.0-53-g5a82cb258f (webtiles) character file.

Game seed: 15576604331095832644

2275 Zeld the Conjurer (level 9, -12/62 HPs)
             Began as a Green Draconian Conjurer on June 14, 2022.
             Was an Initiate of Gozag.
             Shot with a bolt by a vault sentinel (15 damage)
             ... on level 7 of the Dungeon.
             The game lasted 00:12:35 (10472 turns).

Zeld the Conjurer (Green Draconian Conjurer)       Turns: 10472, Time: 00:12:35

Health: -12/62     AC: 10    Str: 11    XL:     9   Next: 16%
Magic:  5/18       EV: 12    Int: 22    God:    Gozag
Gold:   296        SH:  0    Dex:  9    Spells: 9/20 levels left

rFire   . . .      SeeInvis .   (no weapon)
rCold   . . .      Faith    .   (no shield)
rNeg    . . .      Spirit   .   (armour unavailable)
rPois   +          Reflect  .   (helmet restricted)
rElec   .          Harm     .   m - +1 cloak {rCorr}
rCorr   +          Rampage  .   (no gloves)
Will    .....                   r - +0 pair of boots
Stlth   ++........              (no amulet)
HPRegen 0.20/turn               y - ring of flight
MPRegen 0.16/turn               (no ring)

@: about to teleport, marked, gold aura, flying
A: breathe noxious fumes, AC +7, unfitting armour, poison resistance,
cold-blooded
a: Breathe Noxious Fumes, Renounce Religion, Potion Petition, Call Merchant,
Bribe Branch


You were on level 7 of the Dungeon.
You worshipped Gozag.
Gozag was aware of your devotion.
You visited 2 branches of the dungeon, and saw 8 of its levels.

You collected 747 gold pieces.
You spent 396 gold pieces at shops.
You paid 55 gold pieces to Gozag.

Inventory:

Missiles
 A - 38 bolts
Armour
 g - the +18 shield of the Gong {rElec rN+ Will+ EV-5}
   (You found it on level 7 of the Dungeon)

   It is deafeningly noisy when blocking attacks.
   EV:        It affects your evasion (-5).
   rElec:     It insulates you from electricity.
   rN:        It protects you from negative energy.
   Will:      It increases your willpower.
 m - a +1 cloak of preservation (worn)
 r - a +0 pair of boots (worn)
Jewellery
 y - a ring of flight (left hand)
Wands
 k - a wand of polymorph (1)
 l - a wand of iceblast (7)
 v - a wand of flame (17)
 w - a wand of digging (6)
Scrolls
 a - a scroll of blinking
 b - 2 scrolls of enchant weapon
 c - a scroll of teleportation
 d - 2 scrolls of holy word
 e - 2 scrolls of summoning
 j - 2 scrolls of magic mapping {unknown}
 t - 3 scrolls of amnesia {unknown}
 u - a scroll of immolation {unknown}
 z - a scroll of enchant armour {unknown}
 C - a scroll of fog {unknown}
Potions
 f - 2 potions of magic {unknown}
 h - 3 potions of brilliance {unknown}
 i - 2 potions of lignification {unknown}
 o - a potion of might {unknown}
 p - 2 potions of haste {unknown}
 q - a potion of attraction {unknown}
 s - 3 potions of curing {unknown}
 x - a potion of flight {unknown}
 B - 2 potions of heal wounds {unknown}


   Skills:
 - Level 1.7 Dodging
 - Level 1.7 Stealth
 + Level 6.2 Spellcasting
 + Level 7.5 Conjurations
 - Level 2.0 Hexes
 - Level 2.0 Translocations
 * Level 4.5 Air Magic
 * Level 5.5 Evocations


You had 9 spell levels left.
You knew the following spells:

 Your Spells              Type           Power      Damage    Failure   Level
a - Magic Dart            Conj           100%       1d8       1%          1
b - Searing Ray           Conj           80%        2d7       1%          2
c - Fulminant Prism       Conj/Hex       13%        3d9       12%         4
d - Iskenderun's Mystic   Conj/Tloc      27%        2d7       12%         4

Your spell library contained the following spells:

 Spells                   Type           Power      Damage    Failure   Level
 Static Discharge         Conj/Air       33%        N/A       1%          2
 Dazzling Flash           Conj/Hex       54%        N/A       3%          3
 Stone Arrow              Conj/Erth      46%        3d9       5%          3
 Sandblast                Erth           12%        2d6       9%          1
 Passwall                 Tmut/Erth      5%         N/A       14%         2
 Sublimation of Blood     Necr           6%         N/A       14%         2
 Wereblood                Tmut           6%         N/A       14%         2
 Lightning Bolt           Conj/Air       16%        1d30      21%         5
 Summon Ice Beast         Ice/Summ       6%         N/A       65%         4
 Summon Mana Viper        Hex/Summ       11%        N/A       86%         5
 Monstrous Menagerie      Summ           3%         N/A       100%        7
 Summon Hydra             Summ           3%         N/A       100%        7
 Lehudib's Crystal Spear  Conj/Erth      11%        10d4      100%        8
 Maxwell's Capacitive Co  Air            13%        ∞         100%        8
 Animate Armour           Summ/Erth      Unusable   N/A       N/A         4

Dungeon Overview and Level Annotations

Branches:
Dungeon (7/15)             Temple (1/1) D:4

Altars:
Ashenzari
Cheibriados
Dithmenos
Elyvilon
Fedhas
Gozag
Hepliaklqana
Kikubaaqudgha
Makhleb
Nemelex Xobeh
Okawaru
Qazlal
Sif Muna
Uskayaw
Vehumet
Wu Jian
Xom
Yredelemnul
Zin
The Shining One

Shops:
D:4 *


Innate Abilities, Weirdness & Mutations

You can breathe blasts of noxious fumes.
Your lurid green scales are hard. (AC +7)
You cannot fit into any form of body armour.
Your system is resistant to poisons. (rPois)
You are cold-blooded and may be slowed by cold attacks.


Message History

The vault sentinel collides with the vault sentinel!
The vault sentinel is no longer distracted by gold.
The vault sentinel shouts!
The vault sentinel is lightly wounded.
The vault sentinel is heavily wounded.
Unknown command.
Unknown command.
As you read the scroll of teleportation, it crumbles to dust.
You feel strangely unstable.
The vault sentinel gestures at you while chanting.
The mark upon you grows brighter.
The vault sentinel casts a spell at you.
The mark upon you grows brighter.
The vault sentinel unwields a +0 long sword.
The vault sentinel wields a +0 arbalest.
The vault sentinel shoots a bolt.
The bolt hits you!
Your surroundings suddenly seem different.
You start resting.
A vault sentinel is nearby!
The vault sentinel shoots a bolt.
The bolt hits you!
Found the +18 shield of the Gong {rElec rN+ Will+ EV-5}.
The vault sentinel shoots a bolt.
The bolt hits you!
* * * LOW HITPOINT WARNING * * *
The vault sentinel casts a spell at you.
You barely resist.
The vault sentinel gestures at you while chanting.
The mark upon you grows brighter.
The vault sentinel casts a spell at you.
The mark upon you grows brighter.
The vault sentinel blows a loud note on a signal horn!
A white imp breaks down the door.
You see here the +18 shield of the Gong {rElec rN+ Will+ EV-5}.
g - the +18 shield of the Gong {rElec rN+ Will+ EV-5}
As you read the scroll of teleportation, it crumbles to dust.
You feel strangely unstable.
The vault sentinel shoots a bolt.
The bolt hits you!
* * * LOW HITPOINT WARNING * * *
The vault sentinel shoots a bolt.
The bolt hits you!
You die...
Your body crumbles into a pile of gold.

#.#< .## #.#. 5^
#.#. #'## #.#.
###^.^### #.#.
##^..^..^## #.##
#^.... ..^# #...
##^.5###...## ####
#...#..@#...#
#..#.....#..#
#...#...#...#
##..p###^.^######
#^^p....^^#....#
#.##^p....^##....#
...###^.^###.....#
#....##'##.......#
#......pp..p...!.#


You could see 2 vault sentinels and a white imp.

Vanquished Creatures
  Grinder (D:5)
  Menkaure (D:4)
  2 water moccasins (D:5)
  An ice beast (D:7)
  2 sky beasts
  3 black bears
  2 phantoms (D:6)
  2 bullfrogs
  2 scorpions (D:6)
  A water moccasin zombie (D:5)
  A wyvern skeleton (D:5)
  3 jellies
  3 hounds
  Crazy Yiuf (D:5)
  2 centaur skeletons
  An iguana (D:4)
  Ijyb (D:5)
  Terence (D:2)
  Jessica (D:2)
  3 orc wizards
  2 hound skeletons
  7 gnolls
  8 adders
  An ufetubus (D:4)
  3 worms
  11 orcs
  7 ball pythons
  19 endoplasms
  9 giant cockroaches
  6 goblins
  7 hobgoblins
  A quokka (D:4)
  4 bats
  3 frilled lizards
  11 kobolds
  5 rats
138 creatures vanquished.

Vanquished Creatures (others)
  A kobold (D:4)
  6 fungi (D:4)
  11 toadstools (D:4)
18 creatures vanquished.

Grand Total: 156 creatures vanquished

Notes
Turn   | Place    | Note
-------+----------+-------------------------------------------
     0 | D:1      | Zeld the Draconian Conjurer began the quest for the Orb.
     0 | D:1      | Reached XP level 1. HP: 14/14 MP: 3/3
   614 | D:1      | Reached XP level 2. HP: 20/20 MP: 0/5
   617 | D:1      | Learned a level 2 spell: Searing Ray
   741 | D:1      | Reached skill level 1 in Translocations
   964 | D:1      | Reached skill level 1 in Hexes
  1607 | D:2      | Noticed Jessica
  1610 | D:2      | Killed Jessica
  1611 | D:2      | Reached XP level 3. HP: 26/26 MP: 2/6
  1781 | D:2      | Found an iron altar of Okawaru.
  2004 | D:2      | Reached XP level 4. HP: 33/33 MP: 2/7
  2104 | D:2      | Learned a level 4 spell: Fulminant Prism
  2414 | D:2      | Noticed Terence
  2850 | D:2      | Killed Terence
  2876 | D:2      | Reached XP level 5. HP: 38/38 MP: 0/9
  3756 | D:3      | Reached skill level 5 in Conjurations
  3958 | D:3      | Learned a level 4 spell: Iskenderun's Mystic Blast
  4107 | D:3      | Found a faded altar of an unknown god.
  4880 | D:4      | Noticed a black bear
  4884 | D:4      | Reached XP level 6. HP: 45/45 MP: 7/11
  4892 | D:4      | Reached skill level 1 in Evocations
  5008 | D:4      | Found a staircase to the Ecumenical Temple.
  5024 | D:4      | Found Liuv's Luxury Loot.
  5029 | D:4      | Noticed Menkaure
  5054 | Temple   | Entered the Ecumenical Temple
  5108 | Temple   | Became a worshipper of Gozag Ym Sagoz the Greedy
  5286 | D:4      | Killed Menkaure
  5516 | D:4      | Your scales start taking on a lurid green colour.
  5516 | D:4      | Reached XP level 7. HP: 50/50 MP: 6/13
  5516 | D:4      | Gained mutation: Your system is resistant to poisons.
                  | (rPois) [Green Draconian growth]
  5773 | D:4      | Reached skill level 6 in Conjurations
  7354 | D:5      | Entered Level 5 of the Dungeon
  7360 | D:5      | Noticed Grinder
  7364 | D:5      | Reached skill level 5 in Spellcasting
  7683 | D:5      | Found a runed translucent door.
  7684 | D:5      | Noticed Crazy Yiuf
  7878 | D:5      | Reached skill level 1 in Air Magic
  7878 | D:5      | Reached XP level 8. HP: 57/57 MP: 8/16
  8128 | D:5      | Killed Grinder
  8129 | D:5      | Reached skill level 7 in Conjurations
  8182 | D:4      | Bought a book of Lightning for 396 gold pieces
  8397 | D:5      | Noticed Ijyb
  8404 | D:5      | Killed Ijyb
  8464 | D:5      | Found a snail-covered altar of Cheibriados.
  8837 | D:5      | Killed Crazy Yiuf
  9548 | D:6      | Reached skill level 5 in Evocations
  9800 | D:6      | Reached XP level 9. HP: 50/62 MP: 1/18
 10111 | D:7      | Found a sparkling altar of Nemelex Xobeh.
 10433 | D:7      | Noticed a vault sentinel
 10433 | D:7      | Noticed a vault sentinel
 10463 | D:7      | Found the +18 shield of the Gong {rElec rN+ Will+ EV-5}
 10471 | D:7      | HP: 3/62 [vault sentinel/bolt (11)]
 10472 | D:7      | Shot with a bolt by a vault sentinel

Illustrated notes

Levels and vault maps discovered:
D:1:      dpeg_arrival_renting, layout_loops_ring, nrook_loot_triangle,
          columned_hall_lemuel, minmay_worlds_worst_comb
D:2:      layout_basic, basic_altar, st_stairs_5, uniq_terence, uniq_jessica
D:3:      layout_basic, shapermc_ecumenical_altar_hornbeckon, fountainhead,
          chequers_serial_rivers_micro_e, kennysheep_boxes
D:4:      cheibrodos_fertilizer, layout_cave_pods, minmay_temple_entry_grid,
          nicolae_alphabet_shops, roderic_lattice_a,
          chequers_serial_rivers_room_a, serial_bayou_pond_e, uniq_menkaure
D:5:      layout_rooms, lemuel_coloured_pillars_altar, uniq_ijyb,
          uniq_crazy_yiuf_cottage, uniq_grinder
D:6:      layout_rooms
D:7:      layout_basic, mainiacjoe_overflow_small_starburst, enter_ossuary_4,
          enter_bailey_3, hellmonk_guarded_unrand_gong
Temple:   compressed_dpeg_circular_temple

Skill      XL: |  1  2  3  4  5  6  7  8 |
---------------+-------------------------+-----
Translocations | 1 2 |  2.0
Hexes          | 1 2 |  2.0
Spellcasting   | 3 4 5 6 |  6.2
Conjurations   | 5 6 7 |  7.5
Evocations     | 1 3 5 |  5.5
Air Magic      | 1 4 |  4.5
Dodging        | |  1.7
Stealth        | |  1.7

Action                   |  1- 3 |  4- 6 |  7- 9 || total
-------------------------+-------+-------+-------++-------
Melee: Unarmed           |    39 |    37 |    14 ||    90
       Tailslap          |     6 |     7 |     2 ||    15
       Punch             |     1 |     1 |       ||     2
 Cast: Magic Dart        |    59 |    65 |    26 ||   150
       Searing Ray       |     2 |    27 |    57 ||    86
       Iskenderun's Myst |       |       |     9 ||     9
 Abil: Breathe Noxious F |       |       |     4 ||     4
Evoke: Wand              |       |       |     3 ||     3
  Use: Scroll            |       |       |     8 ||     8
Armor: Skin              |    24 |    45 |    55 ||   124
Dodge: Dodged            |    45 |    96 |    85 ||   226
